 Dungeon Crawl Stone Soup version 0.23.2-40-g277498a001 (webtiles) character file.

Game seed: 3760919918995697502

8944 Kikorro the Cleaver (level 11, -7/97 HPs)
             Began as a Hill Orc Fighter on Sept 7, 2019.
             Was an Elder of Makhleb.
             Mangled by a warg (11 damage)
             ... led by an orc knight
             ... on level 1 of the Orcish Mines on Sept 8, 2019.
             The game lasted 00:42:33 (12899 turns).

Kikorro the Cleaver (Hill Orc Fighter)             Turns: 12899, Time: 00:42:34

Health: -7/97      AC: -4    Str: 23    XL:     11   Next: 38%
Magic:  11/11      EV:  8    Int: 10    God:    Makhleb [****..]
Gold:   174        SH: 12    Dex: 14    Spells: 10/10 levels left

rFire    . . .     SeeInvis .   a - +0 war axe
rCold    + + .     Gourm    +   c - +0 shield
rNeg     + . .     Faith    .   K - +1 chain mail {rC+}
rPois    .         Spirit   .   R - +4 helmet of Death's Door {rN+ Int+2 Dex+4}
rElec    .         Reflect  .   G - scarf {cloud immunity}
rCorr    .         Harm     .   (no gloves)
MR       .....                  y - +0 pair of boots
Stlth    ..........             F - amulet of the gourmand
HPRegen  0.26/turn              b - ring of wizardry
MPRegen  0.12/turn              L - ring of protection from cold

@: corroded
A: no striking features
a: Minor Destruction, Lesser Servant of Makhleb, Major Destruction, Renounce
Religion


You were on level 1 of the Orcish Mines.
You worshipped Makhleb.
Makhleb was greatly pleased with you.
You were completely stuffed.

You visited 3 branches of the dungeon, and saw 13 of its levels.

You collected 411 gold pieces.
You spent 237 gold pieces at shops.

Inventory:

Hand Weapons
 a - a +0 war axe (weapon)
 E - the +5 scythe "Finisher" {speed, eviscerate}
   (You found it on level 9 of the Dungeon)

   Attacks with this weapon are significantly faster.
Armour
 c - a +0 shield (worn)
 x - a +0 cloak
 y - a +0 pair of boots (worn)
 G - a scarf of cloud immunity (worn)
 K - a +1 chain mail of cold resistance (worn)
 R - the +4 helmet of Death's Door (worn) {rN+ Int+2 Dex+4}
   (You bought it in a shop on level 10 of the Dungeon)

   It affects your intelligence (+2).
   It affects your dexterity (+4).
   It protects you from negative energy.
Jewellery
 b - a ring of wizardry (left hand)
 t - an uncursed ring of wizardry
 F - an amulet of the gourmand (around neck)
 L - a ring of protection from cold (right hand)
Wands
 q - a wand of scattershot (2)
 w - a wand of flame (46)
 C - a wand of polymorph (16)
 H - a wand of digging (3)
 J - a wand of disintegration (11)
 M - a wand of enslavement (3)
 N - a wand of acid (9)
 O - a wand of paralysis (6)
Scrolls
 g - 8 scrolls of remove curse
 i - a scroll of random uselessness
 k - 3 scrolls of fog
 l - 5 scrolls of teleportation
 p - 2 scrolls of fear
 B - a scroll of amnesia
Potions
 d - a potion of might
 e - 3 potions of agility
 h - a potion of heal wounds
 m - a potion of haste
 n - 4 potions of curing
 s - 2 potions of degeneration
 v - a potion of brilliance
 A - 3 potions of flight
 D - a potion of lignification {unknown}
 P - a potion of resistance
Comestibles
 f - 14 rations


   Skills:
 + Level 9.1 Fighting
 + Level 13.9 Axes
 + Level 9.5 Armour
 + Level 2.4 Dodging
 + Level 1.0 Stealth
 + Level 9.0 Shields


You had 10 spell levels left.
You didn't know any spells.
Your spell library contained the following spells:

 Spells                   Type           Power        Failure   Level  Hunger
 Animate Skeleton         Necr           N/A          86%         1    ##.....
 Pain                     Necr           #...         86%         1    ##.....
 Regeneration             Chrm/Necr      #.........   99%         3    ####...
 Vampiric Draining        Necr           #.........   99%         3    ####...
 Animate Dead             Necr           N/A          100%        4    #####..


Dungeon Overview and Level Annotations

Branches:
Dungeon (10/15)            Temple (1/1) D:4             Orc (2/2) D:10
   Lair: D:8-11         Elf: Orc:2

Altars:
Ashenzari
Cheibriados
Dithmenos
Elyvilon
Gozag
Hepliaklqana
Makhleb
Nemelex Xobeh
Okawaru
Qazlal
Ru
Sif Muna
Trog
Wu Jian
Xom
Yredelemnul
Zin
The Shining One

Shops:
D:10 (*[   Orc:1 =

Annotations:
D:9 Prince Ribbit
Orc:2 Erolcha


Message History

* * * LOW HITPOINT WARNING * * *
You closely miss the warg.
The warg is lightly wounded.
You hit the rust devil. The rust devil barely misses you.
You block the warg's attack.
As you read the scroll of fog, it crumbles to dust.
The scroll dissolves into smoke.
You block the warg's attack. The rust devil hits you!
* * * LOW HITPOINT WARNING * * *
The rust devil corrodes you!
The rust devil disappears in a puff of smoke!
The warg bites you.
* * * LOW HITPOINT WARNING * * *
You hit the warg but do no damage.
The warg is lightly wounded.
You block the warg's attack.
You hit the warg but do no damage.
The warg is lightly wounded.
The warg bites you!
You die...

....... .....
....... .... ..
....... ... ...
......o ..##...
....o44 ....#..
....oh§##o......
....oTo#§.......
...#.#h@.......
.....§§§§§......
........$....#..
............##
.............#
...#...........
...#.....>......
.. ##.#.#.......
#### .∩#....


You could see a warg, an orc sorcerer and an orc.

Vanquished Creatures
  Erica (D:9)
  3 orc knights
  2 orc sorcerers (Orc:1)
  2 trolls
  3 hippogriffs
  Sigmund (D:5)
  A wyvern (D:10)
  Menkaure (D:6)
  A hungry ghost (D:9)
  2 wargs
  4 orc warriors (D:10)
  3 sky beasts
  5 ice beasts
  Purgy (D:3)
  3 phantoms
  An ogre (D:5)
  2 centaurs
  A big kobold (D:5)
  7 bullfrogs
  3 scorpions
  3 killer bees
  5 wights (D:9)
  4 howler monkeys
  5 crimson imps
  A quasit (D:7)
  2 bullfrog zombies
  6 orc priests
  5 orc wizards
  9 hounds
  5 jellies
  3 bullfrog skeletons
  A centaur skeleton (D:9)
  Crazy Yiuf (D:5)
  A gnoll shaman (D:7)
  Terence (D:3)
  An iguana (D:6)
  6 worker ants
  A hound zombie (D:7)
  A worker ant zombie (D:8)
  Robin (D:4)
  A howler monkey skeleton (D:5)
  8 gnolls
  10 adders
  2 shadow imps
  2 oozes
  3 adder skeletons
  A worm (D:2)
  4 dart slugs
  12 leopard geckos
  31 orcs
  6 giant cockroaches
  13 goblins
  3 hobgoblins
  10 jackals
  4 quokkas
  5 ball pythons
  5 bats
  3 frilled lizards
  A jackal skeleton (D:4)
  14 kobolds
  A leopard gecko zombie (D:6)
  6 rats
254 creatures vanquished.

Vanquished Creatures (others)
  An orc (Orc:1)
1 creature vanquished.

Grand Total: 255 creatures vanquished

Notes
Turn   | Place    | Note
-------+----------+-------------------------------------------
     0 | D:1      | Kikorro the Hill Orc Fighter began the quest for the Orb.
     0 | D:1      | Reached XP level 1. HP: 19/19 MP: 1/1
    85 | D:1      | Reached skill level 3 in Axes
    94 | D:1      | Reached XP level 2. HP: 8/27 MP: 2/2
   735 | D:1      | Reached XP level 3. HP: 33/33 MP: 3/3
   952 | D:2      | Found a white marble altar of Elyvilon.
  1070 | D:2      | Found a shattered altar of Ashenzari.
  1766 | D:2      | Reached XP level 4. HP: 17/40 MP: 4/4
  1769 | D:2      | Reached skill level 4 in Axes
  2144 | D:3      | Noticed Terence
  2161 | D:3      | Killed Terence
  2161 | D:3      | Reached XP level 5. HP: 37/46 MP: 5/5
  2534 | D:3      | Found a basalt altar of Yredelemnul.
  2858 | D:3      | Noticed Purgy
  2874 | D:3      | Killed Purgy
  2874 | D:3      | Reached skill level 5 in Axes
  2874 | D:3      | Reached XP level 6. HP: 36/52 MP: 6/6
  3107 | D:4      | Found a stormy altar of Qazlal.
  3121 | D:4      | Noticed a phantom
  3405 | D:4      | Killed a phantom
  3405 | D:4      | Reached skill level 5 in Armour
  3532 | D:4      | Found a staircase to the Ecumenical Temple.
  3552 | D:4      | Reached XP level 7. HP: 22/60 MP: 7/7
  3570 | D:4      | Reached skill level 5 in Shields
  3578 | Temple   | Entered the Ecumenical Temple
  3586 | Temple   | Became a worshipper of Makhleb the Destroyer
  3852 | D:4      | Reached skill level 6 in Axes
  4072 | D:4      | Noticed Robin
  4088 | D:4      | Killed Robin
  4317 | D:4      | Reached * piety under Makhleb
  4317 | D:4      | Reached skill level 5 in Fighting
  4317 | D:4      | Reached skill level 1 in Dodging
  4636 | D:4      | Reached skill level 7 in Axes
  4685 | D:5      | Entered Level 5 of the Dungeon
  4981 | D:5      | Reached XP level 8. HP: 68/68 MP: 8/8
  4988 | D:5      | Noticed Sigmund
  5002 | D:5      | Killed Sigmund
  5443 | D:5      | Reached skill level 8 in Axes
  5653 | D:5      | Found an ornate altar of the Wu Jian Council.
  5908 | D:5      | Found a runed translucent door.
  5909 | D:5      | Noticed Crazy Yiuf
  6060 | D:5      | Killed Crazy Yiuf
  6284 | D:6      | Noticed Menkaure
  6288 | D:6      | Reached skill level 9 in Axes
  6296 | D:6      | Killed Menkaure
  6784 | D:6      | Reached XP level 9. HP: 78/78 MP: 9/9
  7447 | D:7      | Reached skill level 10 in Axes
  7490 | D:7      | Reached ** piety under Makhleb
  7727 | D:7      | Found a snail-covered altar of Cheibriados.
  8882 | D:8      | Found a hazy altar of Hepliaklqana.
  9029 | D:8      | Found a glowing golden altar of the Shining One.
  9377 | D:9      | Found the +5 scythe "Finisher" {speed, eviscerate}
  9583 | D:9      | Reached skill level 11 in Axes
  9765 | D:9      | Reached XP level 10. HP: 86/86 MP: 10/10
 10103 | D:9      | Reached *** piety under Makhleb
 10114 | D:9      | Noticed Erica
 10115 | D:9      | Noticed Prince Ribbit
 10125 | D:9      | Killed Erica
 10125 | D:9      | Reached skill level 12 in Axes
 10719 | D:10     | Entered Level 10 of the Dungeon
 10849 | D:10     | Found Alil's Weapon Emporium.
 11251 | D:10     | Found Upot's General Store.
 11457 | D:10     | Found a staircase to the Orcish Mines.
 11532 | D:10     | Noticed an orc knight
 11627 | D:9      | Killed an orc knight
 11627 | D:9      | Reached skill level 13 in Axes
 11627 | D:9      | Reached XP level 11. HP: 81/95 MP: 11/11
 11945 | D:10     | Reached **** piety under Makhleb
 12178 | D:10     | Found Fongi's Antique Armour Boutique.
 12181 | D:10     | Bought a dazzling helmet for 237 gold pieces
 12192 | D:10     | Identified the +4 helmet of Death's Door {rN+ Int+2 Dex+4}
                  | (You bought it in a shop on level 10 of the Dungeon)
 12368 | Orc:1    | Entered Level 1 of the Orcish Mines
 12368 | Orc:1    | Noticed an orc knight
 12368 | Orc:1    | Noticed an orc sorcerer
 12412 | D:10     | HP: 3/95 [orc knight/+0 broad axe (22)]
 12413 | D:10     | Killed an orc knight
 12752 | Orc:1    | Paralysed by an orc sorcerer for 7 turns
 12766 | Orc:1    | Killed an orc sorcerer
 12766 | Orc:1    | Reached skill level 1 in Stealth
 12782 | Orc:1    | Noticed an orc sorcerer
 12788 | Orc:1    | Noticed a sun demon
 12792 | Orc:1    | Killed an orc sorcerer
 12858 | Orc:2    | Entered Level 2 of the Orcish Mines
 12858 | Orc:2    | Noticed Erolcha
 12861 | Orc:1    | Found Kaippuist's Jewellery Shoppe.
 12861 | Orc:1    | Noticed an orc knight
 12861 | Orc:1    | Noticed an orc sorcerer
 12893 | Orc:1    | Killed an orc knight
 12896 | Orc:1    | HP: 4/97 [rust devil[an orc knight] (11)]
 12899 | Orc:1    | Mangled by a warg

Skill      XL: |  1  2  3  4  5  6  7  8  9 10 11 |
---------------+----------------------------------+-----
Axes           | 3 4 5 7 9 11 13 | 13.9
Shields        | 4 5 6 7 8 9 |  9.0
Fighting       | 4 5 6 7 8 9 |  9.1
Armour         | 4 5 6 8 9 |  9.5
Dodging        | 1 2 |  2.4
Stealth        | 1 |  1.0

Action                   |  1- 3 |  4- 6 |  7- 9 | 10-12 || total
-------------------------+-------+-------+-------+-------++-------
Melee: War axe           |   133 |   159 |   576 |   368 ||  1236
  Use: Scroll            |     1 |     3 |     7 |     7 ||    18
       Potion            |       |       |       |     2 ||     2
  Eat: Chunk             |     3 |     4 |    12 |    26 ||    45
       Ration            |       |     1 |     2 |       ||     3
Armor: Scale mail        |    51 |       |       |       ||    51
       Chain mail        |    15 |    86 |   291 |   144 ||   536
Dodge: Dodged            |    43 |    36 |   135 |    75 ||   289
Block: Shield            |    77 |    81 |   289 |   159 ||   606
